 Dungeon Crawl Stone Soup version 0.27-a0-1359-ga2a4dfd6fd (webtiles) character file.

Game seed: 8862154887441659297

39 Lauz the Skirmisher (level 3, -2/33 HPs)
             Began as a Minotaur Fighter on June 28, 2021.
             Was a Follower of Fedhas.
             Slain by a centaur zombie (4 damage)
             ... in an ossuary.
             The game lasted 00:02:12 (689 turns).

Lauz the Skirmisher (Minotaur Fighter)               Turns: 689, Time: 00:02:13

Health: -2/33      AC:  0    Str: 21    XL:     3   Next: 26%
Magic:  2/2        EV: 11    Int:  5    God:    Fedhas [*.....]
Gold:   13         SH:  0    Dex:  9    Spells: 2/2 levels left

rFire    . . .     SeeInvis .   (no weapon)
rCold    . . .     Faith    .   (no shield)
rNeg     . . .     Spirit   .   (no armour)
rPois    .         Reflect  .   (helmet restricted)
rElec    .         Harm     .   (no cloak)
rCorr    .         Rampage  .   (no gloves)
Will     .....                  (no boots)
Stlth    +.........             (no amulet)
HPRegen  0.11/turn              (no ring)
MPRegen  0.08/turn              (no ring)

@: marked
A: horns 2, retaliatory headbutt
a: Renounce Religion


You were in an ossuary.
You worshipped Fedhas.
Fedhas was aware of your devotion.
You visited 1 branch of the dungeon, and saw 4 of its levels.
You also visited: Ossuary.

You collected 13 gold pieces.

Inventory:

Hand Weapons
 a - a +0 long sword
Armour
 b - a +0 scale mail
 c - a +0 kite shield
Jewellery
 g - a +6 ring of strength
Scrolls
 e - a scroll of blinking {unknown}
 h - a scroll of identify {unknown}
Potions
 d - a potion of might
 f - a potion of curing {unknown}


   Skills:
 + Level 4.2 Fighting
 + Level 2.7 Long Blades
 + Level 4.2 Armour
 + Level 4.1 Shields


You had 2 spell levels left.
You didn't know any spells.
Your spell library was empty.

Dungeon Overview and Level Annotations

Branches:
Dungeon (4/15)            Ossuary (1/1)
 Temple: D:4-7

Altars:
Fedhas
Zin


Innate Abilities, Weirdness & Mutations

You have a pair of horns on your head.
You reflexively headbutt those who attack you in melee.


Message History

The centaur zombie hits you. The centaur zombie closely misses you.
Really walk onto that alarm trap? [Y]es or [N]o only, please.
Really walk onto that alarm trap?
You set off the alarm!
The alarm trap emits a blaring wail!
A sentinel's mark forms upon you. The centaur zombie hits you.
The centaur zombie kicks you. The hobgoblin zombie hits you.
A hobgoblin zombie comes into view.
The hobgoblin zombie hits you. The centaur zombie closely misses you.
The centaur zombie kicks you.
* * * LOW HITPOINT WARNING * * *
The centaur zombie sets off the alarm!
The alarm trap emits a blaring wail!
The mark upon you grows brighter. The centaur zombie closely misses you.
The centaur zombie completely misses you.
The hobgoblin zombie enters a dispersal trap!
The centaur zombie blinks!
The hobgoblin zombie blinks!
The centaur zombie blinks!
You blink.
The hobgoblin zombie blinks!
The centaur zombie hits you.
* * * LOW HITPOINT WARNING * * *
The centaur zombie barely misses you.
The mummy pulls the alarm!
The alarm trap emits a blaring wail!
The mark upon you grows brighter.
A mummy comes into view.
The centaur zombie closely misses you. You furiously retaliate!
You headbutt the centaur zombie! The centaur zombie kicks you.
* * * LOW HITPOINT WARNING * * *
The hobgoblin zombie hits you.
* * * LOW HITPOINT WARNING * * *
Found 2 blue potions.
Found a glowing grey potion and a scroll labelled WOMPIE NUERUS.
The centaur zombie barely misses you. The centaur zombie closely misses you.
Found a fuming orange potion and a glowing grey potion.
Found a glowing grey potion and a fuming orange potion.
The centaur zombie hits you.
You die...
Fedhas appreciates your contribution to the ecosystem.

############### #####
###.#.#.#.#.#.#.##!!!!##
...M......Z...ZZ.^.....#
.M^.......M....M@^......
........................
.^....^.........^^......
.....^.^.....^^..^.....#
###.#.#.#.#.#.#.##!?!!##
############### #####


You could see 2 mummies, 2 hobgoblin zombies and a centaur zombie.

Vanquished Creatures
  An adder (D:2)
  A dart slug (D:1)
  2 giant cockroaches (D:1)
  3 goblins
  A hobgoblin (D:1)
  3 jackals (D:2)
  A quokka (D:1)
  2 ball pythons (D:3)
  4 bats
  3 frilled lizards
  4 kobolds
  2 rats (D:1)
27 creatures vanquished.

Notes
Turn   | Place    | Note
-------+----------+-------------------------------------------
     0 | D:1      | Lauz the Minotaur Fighter began the quest for the Orb.
     0 | D:1      | Reached XP level 1. HP: 19/19 MP: 0/0
   114 | D:1      | Reached XP level 2. HP: 24/27 MP: 1/1
   293 | D:1      | Found a faded altar of an unknown god.
   298 | D:1      | Became a worshipper of Fedhas Madash
   298 | D:1      | Reached * piety under Fedhas
   580 | D:2      | Reached XP level 3. HP: 31/33 MP: 2/2
   615 | D:3      | Found a glowing silver altar of Zin.
   661 | D:4      | Found a sand-covered staircase.
   665 | Ossuary  | Entered an ossuary
   689 | Ossuary  | Slain by a centaur zombie

Illustrated notes

Levels and vault maps discovered:
D:1:      ebering_trefoil_3fold, layout_basic, ebering_ecumenical_altar_rust,
          minmay_misc_feat_room, minmay_heptomino_h4
D:2:      layout_basic, minmay_misc_feat_four_crosses
D:3:      layout_basic, zin_academy, uniq_robin
D:4:      layout_rooms, lemuel_coloured_pillars_altar,
          amethyst_overflow_temple_binary, enter_ossuary_5, minmay_checkerbox
Ossuary:  ossuary_the_hunt_dpeg

Skill      XL: |  1  2 |
---------------+-------+-----
Armour         | 4 |  4.2
Fighting       | 4 |  4.2
Shields        | 4 |  4.1
Long Blades    | |  2.7

Action                   || total
-------------------------++-------
Melee: Long sword        ||    27
       Headbutt          ||     5
       Unarmed           ||    20
Armor: Scale mail        ||    12
Dodge: Dodged            ||    49
Block: Kite shield       ||    22
       Rpst.: Long sword ||     2

Table legend: (Time is in decaauts)
 A = Elapsed time spent in this place.
 B = Non-inter-level travel time spent in this place.
 C = Inter-level travel time spent in this place.
 D = Time resting spent in this place.
 E = Time spent auto-exploring this place.
 F = Levels seen in this place.
 G = Mean time per level.
                   A        B        C        D        E       F      G
               +--------+--------+--------+--------+--------+-----+--------+
         Total |    700 |    700 |      0 |      0 |    434 |   5 |  140.0 |
       Dungeon |    677 |    677 |      0 |      0 |    434 |   4 |  169.2 |
       Ossuary |     23 |     23 |      0 |      0 |      0 |   1 |   23.0 |
               +--------+--------+--------+--------+--------+-----+--------+

Top non-repeatable levels by time:
     D:1: 317 daAuts
     D:2: 310 daAuts
     D:3: 35 daAuts
 Ossuary: 23 daAuts
     D:4: 13 daAuts
